AoeStats
← Ano

Arena

507561210Analyzed
4v4 RM · 15d ago on Sep 18, 2026· 48m 8s· 8 players
Game mode
Random Map
Map size
Large (8 player)
Population
200
Speed
Normal
Resources
Standard
Victory
Conquest
Starting age
Dark Age
Ending age
Imperial Age
RankedLock teamsTeams togetherTeam positionsShared explorationLock speedFull tech treeHidden civsTurbo modeCheats
Victory
Defeat
🇺🇸 Vikings · United States
695
+13
🇵🇱 Spanish · Poland
665
+15
🇪🇸 Celts · Spain
660
+15
🇺🇸 Armenians · United States
635
+16
🇨🇱 Bohemians · Chile
715
-18
🇩🇪 Wei · Germany
702
-17
🇧🇾 Vikings · Belarus
577
-12
🇪🇸 Spanish · Spain
556
-12
victordelarosac
2:30 Loom
12:54 Feudal Age
13:39 Double-Bit Axe
14:43 Horse Collar
19:15 Castle Age
18:01 Stone Mining
18:04 Gold Mining
21:04 Bow Saw
21:49 Heavy Plow
22:18 Pikeman
25:25 Man-at-Arms
28:45 Long Swordsman
29:57 Murder Holes
30:50 Halberdier
34:50 Forging
34:59 Two-Handed Swordsman
40:02 Imperial Age
39:21 Fletching
39:34 Padded Archer Armor
39:36 Scale Mail Armor
41:52 Wheelbarrow
43:01 Champion
43:41 Elite Composite Bowman
46:31 Fereters
Ano
12:44 Feudal Age
13:07 Horse Collar
13:15 Double-Bit Axe
13:29 Gold Mining
15:00 Man-at-Arms
19:26 Forging
19:17 Scale Mail Armor
25:06 Castle Age
25:33 Long Swordsman
26:03 Gambesons
26:12 Gambesons
25:53 Pikeman
28:54 Crossbowman
30:48 Bow Saw
35:56 Squires
37:29 Town Watch
37:30 Loom
37:47 Treadmill Crane
38:36 Fortified Wall
38:41 Masonry
39:58 Chieftains
40:16 Chieftains
41:29 Iron Casting
41:10 Chain Mail Armor
Drex3968
8:47 Loom
12:25 Feudal Age
21:14 Castle Age
20:28 Double-Bit Axe
24:48 Gold Mining
25:40 Horse Collar
27:25 Wheelbarrow
27:14 Bow Saw
29:10 Caravan
29:33 Scale Mail Armor
29:01 Elite Skirmisher
29:36 Town Watch
29:56 Padded Archer Armor
29:47 Fletching
30:52 Town Patrol
31:30 Bodkin Arrow
31:50 Leather Archer Armor
34:06 Gold Shaft Mining
34:26 Heavy Plow
35:40 Hand Cart
37:22 Ballistics
37:03 Treadmill Crane
38:59 Stone Mining
39:27 Leather Archer Armor
40:52 Stone Shaft Mining
43:16 Imperial Age
44:32 Ring Archer Armor
45:04 Chemistry
45:17 Siege Engineers
46:31 Guilds
47:01 Murder Holes
47:33 Fortified Wall
47:58 Capped Ram
StebMasterG
1:43 Loom
11:18 Feudal Age
15:35 Castle Age
23:55 Double-Bit Axe
24:04 Fletching
29:32 Wheelbarrow
30:10 Forging
36:36 Imperial Age
34:25 Hand Cart
35:01 Iron Casting
36:29 Bloodlines
36:27 Scale Barding Armor
37:30 Chain Barding Armor
36:39 Cavalier
39:00 Blast Furnace
38:46 Paladin
42:39 Plate Barding Armor
48:22 Town Watch
Itsleviosa
12:56 Feudal Age
13:47 Double-Bit Axe
13:48 Horse Collar
14:47 Wheelbarrow
21:59 Loom
25:15 Castle Age
23:41 Stone Mining
23:44 Gold Mining
28:09 Bow Saw
28:01 Heavy Plow
31:26 Fortified Wall
31:51 Hand Cart
40:11 Imperial Age
39:51 Ballistics
40:15 Scale Mail Armor
40:26 Forging
40:12 Capped Ram
42:29 Chemistry
40:55 Pikeman
41:35 Squires
41:21 Arson
42:49 Two-Man Saw
43:33 Elite Conquistador
44:02 Halberdier
cedric1112
12:13 Feudal Age
12:34 Horse Collar
12:40 Double-Bit Axe
13:50 Gold Mining
13:51 Stone Mining
31:54 Castle Age
31:18 Scale Barding Armor
32:47 Heavy Plow
33:40 Bow Saw
35:09 Stone Shaft Mining
35:10 Gold Shaft Mining
37:03 Wheelbarrow
43:54 Imperial Age
42:04 Tuntian
44:01 Husbandry
netboks
10:57 Feudal Age
11:11 Man-at-Arms
22:22 Castle Age
20:30 Arson
20:50 Arson
22:24 Long Swordsman
27:37 Horse Collar
31:02 Heavy Plow
36:53 Imperial Age
34:20 Gold Mining
34:29 Double-Bit Axe
34:58 Forging
35:22 Squires
35:28 Gambesons
36:31 Gold Shaft Mining
36:30 Fortified Wall
37:13 Two-Handed Swordsman
38:43 Pikeman
40:24 Iron Casting
40:23 Champion
41:33 Bow Saw
42:27 Blast Furnace
41:42 Masonry
43:17 Two-Man Saw
43:47 Chemistry
43:24 Conscription
45:10 Crop Rotation
CR7
10:24 Feudal Age
10:55 Double-Bit Axe
14:23 Horse Collar
16:58 Castle Age
17:44 Loom
18:35 Bow Saw
18:50 Fletching
21:03 Padded Archer Armor
20:50 Elite Skirmisher
21:42 Bodkin Arrow
22:50 Wheelbarrow
22:43 Town Watch
23:48 Ballistics
23:46 Leather Archer Armor
25:42 Hand Cart
30:22 Light Cavalry
31:23 Forging
31:19 Husbandry
37:16 Imperial Age
34:53 Heavy Plow
39:45 Chemistry
39:26 Ring Archer Armor
38:58 Bracer
38:33 Cavalier
39:59 Conscription
39:48 Wagenburg Tactics
41:29 Siege Engineers
42:35 Two-Man Saw
41:22 Pikeman
42:04 Scale Mail Armor
43:36 Halberdier
44:24 Elite Hussite Wagon
Connection lost

Rejoining the realm…

Still unreachable

The connection could not be restored.

Session expired

The server has moved on; the page needs a fresh start.